 Dungeon Crawl Stone Soup version 0.31.0-32-g396128a36d (webtiles) character file.

Game seed: 5619452055693054148

66 chippings the Trooper (level 3, -2/35 HPs)
             Began as a Draconian Wanderer on Apr 1, 2024.
             Slain by Grinder (3 damage)
             ... on level 3 of the Dungeon.
             The game lasted 00:02:41 (1230 turns).

chippings the Trooper (Draconian Wanderer)          Turns: 1230, Time: 00:02:42

Health: -2/35      AC:  5    Str: 15    XL:     3   Next: 96%
Magic:  3/3        EV: 11    Int: 12    God:
Gold:   91         SH:  0    Dex: 11    Spells: 2/2 levels left

rFire   . . .        a - +3 dagger
rCold   . . .        (no shield)
rNeg    . . .        (body armour unavailable)
rPois   .            (helmet restricted)
rElec   .            (no cloak)
rCorr   .            (no gloves)
SInv    .            (no boots)
Will    .....        (no amulet)
Stlth   ++           (no ring)
HPRegen 0.25/turn    (no ring)
MPRegen 0.08/turn

%: no passive effects
@: no status effects
A: AC +5, unfitting armour, cold-blooded
a: no special abilities


You were on level 3 of the Dungeon.
You visited 1 branch of the dungeon, and saw 3 of its levels.

You collected 91 gold pieces.

Inventory:

Hand Weapons
 a - a +3 dagger (weapon)
 c - a +0 mace
Missiles
 p - 4 poisoned darts
 q - 5 boomerangs
Armour
 h - a +0 kite shield
Scrolls
 d - a scroll of fog
 i - a scroll of amnesia {unknown}
 j - 2 scrolls of immolation {unknown}
 k - 2 scrolls of poison {unknown}
 m - a scroll of fear {unknown}
Potions
 e - a potion of invisibility {unknown}
 f - a potion of lignification {unknown}
 g - a potion of mutation {unknown}
 l - a potion of degeneration {unknown}
 n - a potion of heal wounds {unknown}
 o - a potion of curing {unknown}


   Skills:
 + Level 4.8 Fighting
 + Level 1.5 Short Blades
 - Level 3.0 Maces & Flails
 + Level 3.2 Throwing
 + Level 1.5 Stealth


You had 2 spell levels left.
You didn't know any spells.
Your spell library was empty.

Dungeon Overview and Level Annotations

Branches:
Dungeon (3/15)

Altars:
Elyvilon

Annotations:
D:3 Grinder


Innate Abilities, Weirdness & Mutations

Your plain brown scales are hard. (AC +5)
You cannot fit into any form of body armour.
You are cold-blooded and may be slowed by cold attacks.


Message History

You throw a curare-tipped dart. The curare-tipped dart hits Grinder.
Grinder is lightly wounded.
Grinder hits you but does no damage.
Throw: dart (curare)
Press: ? - help, Q - select action, (/) - cycle Shift-Dir - straight line, f/p - Grinder
Aim: Grinder (lightly wounded, 52% to hit)
You throw a curare-tipped dart. The curare-tipped dart hits Grinder.
Grinder is lightly wounded.
Grinder misses you.
You hit Grinder.
Grinder is moderately wounded.
You closely miss Grinder.
You tail-slap Grinder, but do no damage.
Grinder is moderately wounded.
Grinder gestures at you. Pain shoots through your body!
You hit Grinder.
Grinder is moderately wounded.
Grinder hits you!
* * * LOW HITPOINT WARNING * * *
You hit Grinder but do no damage.
Grinder is moderately wounded.
Grinder barely misses you.
You hit Grinder but do no damage. You tail-slap Grinder.
Grinder is moderately wounded.
Grinder hits you.
* * * LOW HITPOINT WARNING * * *
You writhe in agony.
* * * LOW HITPOINT WARNING * * *
You closely miss Grinder.
Grinder is moderately wounded.
Grinder barely misses you.
You hit Grinder.
You tail-slap Grinder, but do no damage.
Grinder is moderately wounded.
Grinder hits you.
* * * LOW HITPOINT WARNING * * *
You writhe in agony.
You die...
Grinder sighs, "Dead already?
I want a refund."

#..## #.<#
#..# ##..#
#...# #.#.#
#########.#.#
....<.......#
#########@###
......5.#
#########


You could see Grinder.

Vanquished Creatures
  Jessica (D:2)
  A gnoll (D:1)
  5 ball pythons
  An endoplasm (D:2)
  A giant cockroach (D:2)
  A hobgoblin (D:2)
  4 jackals (D:1)
  3 quokkas (D:1)
  4 bats (D:1)
  A frilled lizard (D:1)
  2 goblins
  3 kobolds
  2 rats
29 creatures vanquished.

Notes
Turn   | Place    | Note
-------+----------+-------------------------------------------
     0 | D:1      | chippings the Draconian Wanderer began the quest for the
                  | Orb.
     0 | D:1      | chippings set off with the following items: a +3 dagger, 3
                  | curare-tipped darts, a +0 mace, a scroll of fog.
     0 | D:1      | Reached XP level 1. HP: 22/22 MP: 1/1
   282 | D:1      | Reached XP level 2. HP: 27/28 MP: 2/2
   439 | D:1      | Reached skill level 1 in Short Blades
   616 | D:1      | Reached skill level 1 in Stealth
   616 | D:1      | Reached XP level 3. HP: 16/34 MP: 3/3
   773 | D:2      | Noticed Jessica
   782 | D:2      | Killed Jessica
   788 | D:2      | Found a faded altar of an unknown god.
   922 | D:2      | Found a white marble altar of Elyvilon.
  1216 | D:3      | Noticed Grinder
  1230 | D:3      | HP: 1/35 [Grinder (4)]
  1230 | D:3      | Slain by Grinder

Illustrated notes

Levels and vault maps discovered:
D:1:      minmay_arrival_wavy_path, layout_basic
D:2:      layout_rooms, basic_altar, dreamdust_ecumenical_altar_statues,
          uniq_jessica
D:3:      cheibrodos_fertilizer, layout_loops_ring,
          minmay_overflow_temple_star_quad, minmay_goblin_kobold_house,
          uniq_grinder

Skill      XL: |  1  2 |
---------------+-------+-----
Short Blades   | 1 |  1.5
Throwing       | 3 |  3.2
Stealth        | 1 |  1.5
Fighting       | |  4.8
Maces & Flails | |  3.0

Action                     || total
---------------------------++-------
  Melee: Dagger            ||    96
         Tailslap          ||    10
  Throw: Dart              ||     3
   Stab: Sleeping          ||     3
 Armour: Skin              ||    53
  Dodge: Dodged            ||    68
